[Event "Dutch Open 2022"]
[Site "Dieren"]
[Date "2022.08.04"]
[Round "9.11"]
[White "Vos, Tjark"]
[Black "Vogel, Jaap"]
[Result "1-0"]
[ECO "C07"]
[WhiteElo "2224"]
[BlackElo "2147"]
[Annotator "TA"]
[PlyCount "69"]
[EventDate "2022.07.14"]
[EventType "swiss"]
[EventCountry "NED"]
[SourceTitle "playchess.com"]
[Source "ChessBase"]
[SourceQuality "1"]
[TimeControl "40/5400+30:1800+30"]

1. e4 e6 2. d4 d5 3. Nd2 c5 4. exd5 Qxd5 5. Ngf3 cxd4 6. Bc4 Qd6 7. O-O Nf6 8. Nb3 Nc6 9. Nbxd4 a6 {[%emt 0:00:45] C07: French Tarrasch: 3...c5, 4 Ngf3 and 4 exd5 Qxd5.} 10. Re1 Be7 11. Nxc6 Qxc6 {[%emt 0:10:55] [#] White is slightly better.} 12. b3 $146 (12. Ne5 $14 Qb6 13. Qf3) ({Predecessor:} 12. Ne5 Qc5 13. Bb3 O-O 14. Qf3 Bd6 15. Bf4 Rb8 16. Rad1 Rd8 17. Qg3 Bd7 18. Rxd6 Qxd6 19. Nd3 Qc6 20. Bxb8 Ne4 21. Qc7 {1-0 (21) Sofronie,I (2467)-Panainte,A (1872) Chess.com INT 2020}) 12... O-O 13. Bb2 b5 14. Bd3 {[%emt 0:00:06] [#] Strongly threatening Bxf6.} Bb7 15. Qd2 Rad8 16. Qg5 h6 17. Qg3 Qd6 18. Ne5 Qc7 19. Kh1 Nh5 20. Qg4 Nf6 21. Qh3 Rd5 (21... Nd5 $5 22. Qg4 f5 $11) 22. f4 ({Better is} 22. c4 $11 bxc4 23. bxc4) 22... Rc5 ({Black should try} 22... Bc5 $1 $15) 23. Re2 Nd5 24. Rf1 {[%emt 0:01:16] Black must now prevent Ng4.} Nc3 (24... Bf6 $11 {remains equal.}) 25. Re3 $16 {[%emt 0:00:23] Ng4 is the strong threat.} b4 (25... f5 $16 {was worth a try.}) 26. Rg3 $18 {[%emt 0:01:23] White wants to mate with Qxh6.} Kh8 (26... f5 {is a better defense.} 27. Qxh6 (27. Bxc3 Rxc3 28. Qxh6 Bf6 $16) 27... Bf6) 27. Ng4 {[%emt 0:00:04][%cal Og4h6] Threatening mate with Nxh6!} ({And not} 27. Qg4 Bf6 $11) 27... h5 28. Ne5 (28. f5 $18 g6 29. fxg6 fxg6 30. Rxf8+ Bxf8 31. Ne3 (31. Bxg6 $2 Qf4 $17)) 28... Rxe5 $16 29. fxe5 Qxe5 30. a3 a5 31. axb4 {[%emt 0:00:25] The board is on fire.} axb4 32. Bc1 $40 {[%emt 0:00:59][%mdl 128] White mounts an attack.} ({White should play} 32. Bxc3 $16 bxc3 33. Re3) 32... Nd5 $2 {[%emt 0:01:43][%mdl 8192] [#]} (32... Ne4 $11) 33. Rg5 $3 $18 {[%emt 0:01:43][%mdl 512] White is clearly winning.} Qxg5 (33... f5 34. Rxh5+) 34. Bxg5 Bxg5 35. Qxh5+ {[%emt 0:00:06] Weighted Error Value: White=0.28 (precise) /Black=0.30} 1-0

[Event "Dutch Open 2022"]
[Site "Dieren"]
[Date "2022.08.04"]
[Round "9.12"]
[White "De Boer, Bas"]
[Black "Achuthan, Dylan"]
[Result "1/2-1/2"]
[ECO "E60"]
[WhiteElo "2136"]
[BlackElo "1989"]
[Annotator "TA"]
[PlyCount "42"]
[EventDate "2022.07.14"]
[EventType "swiss"]
[EventCountry "NED"]
[SourceTitle "playchess.com"]
[Source "ChessBase"]
[SourceQuality "1"]
[TimeControl "40/5400+30:1800+30"]

1. d4 Nf6 2. c4 g6 3. h4 Bg7 4. Nc3 d5 5. cxd5 Nxd5 6. h5 {[%emt 0:01:18] E60: King's Indian: Unusual lines and Fianchetto Variation without Nc3.} c5 $1 {[%emt 0:00:33] aiming for ...Nxc3.} 7. e3 Nc6 8. Qb3 {[%emt 0:07:43] [#] Black is slightly better.} e6 $146 (8... Ndb4 $15 9. a3 Be6) ({Predecessor:} 8... Nxc3 9. bxc3 O-O 10. hxg6 hxg6 11. Bd3 Be6 12. Qd1 Rc8 13. Ne2 cxd4 14. exd4 Qd7 {1-0 (35) Baranyai,K (2330)-Dolgener,T (2270) Hungary 1999}) 9. hxg6 (9. Nxd5 {keeps more tension.} Qxd5 10. dxc5 Qxc5 11. Bd2) 9... hxg6 (9... fxg6 {seems wilder.} 10. dxc5 Nxc3 11. bxc3 O-O) 10. Rxh8+ Bxh8 11. Nxd5 (11. dxc5 {looks sharper.} Nxc3 12. bxc3 Qa5 13. Ne2) 11... Qxd5 12. Qxd5 exd5 13. dxc5 Nb4 {[%emt 0:00:39] [#] Strongly threatening ...Nc2+.} 14. Kd2 {[%emt 0:03:41] Against Nc2} Bf5 15. a3 Nc6 16. Bb5 Ke7 17. Bxc6 {[%emt 0:00:24] The position is equal.} bxc6 18. Ne2 Rb8 19. Nd4 Bxd4 20. exd4 Rb3 $1 21. Ke1 Rd3 {[%emt 0:00:28] Weighted Error Value: White=0.07 (flawless) /Black=0.12 (very precise)} 1/2-1/2

[Event "Dutch Open 2022"]
[Site "Dieren"]
[Date "2022.08.04"]
[Round "9.13"]
[White "Saketh, Pedagandham"]
[Black "Labruyere, Roger"]
[Result "1/2-1/2"]
[ECO "A28"]
[WhiteElo "1928"]
[BlackElo "2070"]
[Annotator "TA"]
[PlyCount "113"]
[EventDate "2022.07.14"]
[EventType "swiss"]
[EventCountry "NED"]
[SourceTitle "playchess.com"]
[Source "ChessBase"]
[SourceQuality "1"]
[TimeControl "40/5400+30:1800+30"]

1. c4 e5 2. Nc3 Nf6 3. Nf3 Nc6 4. e3 Bb4 5. a3 Bxc3 6. bxc3 O-O 7. d4 d6 8. Be2 {[%emt 0:00:11] A28: English Opening: Four Knights Variation.} Bg4 9. O-O e4 10. Nd2 {[%emt 0:00:10] Black is slightly better.} Bxe2 11. Qxe2 {[%emt 0:00:04] [#]} Re8 $146 ({Predecessor:} 11... d5 12. cxd5 Nxd5 13. Nxe4 Nf6 14. Nxf6+ Qxf6 15. Rb1 b6 16. e4 Qg6 17. Bf4 Rac8 {1-0 (55) Fabian,L-Tschida,V Austria 1995}) 12. Rb1 b6 13. Nb3 a5 14. a4 Qd7 15. c5 (15. Nd2 $11) 15... dxc5 $17 16. dxc5 {[%emt 0:00:17] [#]} Ne5 $1 17. cxb6 cxb6 18. Qa2 (18. Ra1 $17) 18... Qg4 $2 (18... Nd5 $19 19. Rd1 Rac8) 19. Nd4 $11 {[%emt 0:01:00] Prevents Re6.} Rad8 20. Qe2 {[%emt 0:07:05] Inhibits Nf3+.} ({Of course not} 20. Rxb6 Nf3+ 21. Kh1 Nd5) 20... Qd7 21. Qb5 Qg4 22. Qe2 {[%emt 0:00:08] Prevents Nf3+.} Qc8 (22... Qxe2 $17 23. Nxe2 Nc4) 23. Bd2 ({White should play} 23. Rxb6 $15 Nd5 24. Rb3) 23... Qc4 24. Qxc4 Nxc4 25. Rfd1 Nd7 26. Nc6 Rc8 27. Na7 Ra8 28. Nb5 Rad8 (28... Red8 $17 29. Be1 Nc5) 29. Nc7 $1 $15 Rf8 {[%emt 0:00:00] White must now prevent ...Nc5.} 30. Be1 $1 Nc5 {[%emt 0:00:00] And now ...Rd3 would win.} 31. Nd5 $1 Nxa4 {[%emt 0:00:00] Pair of Knights!} 32. Rd4 Nab2 {[%emt 0:00:00] [#]} (32... b5 $11) 33. Nxb6 $1 $16 {[%emt 0:02:30][%mdl 64] Deflection} Nxb6 (33... Rxd4 34. cxd4) 34. Rxb2 Rb8 35. c4 Na4 36. Rxb8 Rxb8 {[%emt 0:00:00][%mdl 4096] Endgame KRB-KRN} 37. h3 Rc8 38. Bxa5 {[%emt 0:00:23] Strongly threatening c5.} f5 39. Rd8+ (39. c5 $16 Nb2 40. Bb6) 39... Rxd8 $11 40. Bxd8 {[%emt 0:00:04] KB-KN} Kf7 41. g4 Ke8 42. Bc7 Nb2 (42... fxg4 $14 43. hxg4 Nc5) 43. c5 (43. gxf5 $16 {c5 is the strong threat.} Nxc4 44. Kg2) 43... Nd3 44. Bd6 (44. gxf5 $14 Nxc5 45. f3) 44... fxg4 $1 {[%emt 0:02:22] The position is equal.} 45. hxg4 {[%emt 0:00:14] Hoping for c6.} Kd7 46. Kg2 Kc6 47. Kg3 Kd5 48. Bf8 g6 49. Bd6 h5 50. gxh5 gxh5 51. Kh4 Nxf2 52. Kxh5 Nd1 53. Kg4 Nxe3+ 54. Kf4 Nc4 55. Bf8 Ne5 {[%emt 0:00:00] Threatens to win with ...Ng6+.} 56. Bd6 Nd3+ 57. Ke3 {[%emt 0:00:00] Weighted Error Value: White=0.16 (very precise) /Black=0.24 (precise)} 1/2-1/2

[Event "Dutch Open 2022"]
[Site "Dieren"]
[Date "2022.08.04"]
[Round "9.14"]
[White "Binnendijk, Ferdinand"]
[Black "Zwirs, Jasper"]
[Result "1/2-1/2"]
[ECO "D30"]
[WhiteElo "2147"]
[BlackElo "2105"]
[Annotator "TA"]
[PlyCount "86"]
[EventDate "2022.07.14"]
[EventType "swiss"]
[EventCountry "NED"]
[SourceTitle "playchess.com"]
[Source "ChessBase"]
[SourceQuality "1"]
[TimeControl "40/5400+30:1800+30"]

1. d4 d5 2. c4 e6 3. Nf3 Nf6 4. e3 c6 5. Nbd2 Be7 6. Bd3 O-O 7. O-O Nbd7 8. b3 {[%emt 0:03:34] has lost popularity (8.e4).} b6 9. Bb2 Bb7 10. Ne5 {[%emt 0:06:16] D30: Queen's Gambit Declined: Systems without Nc3.} c5 11. f4 Ne4 12. cxd5 exd5 13. Nxe4 dxe4 14. Bb5 Nxe5 15. dxe5 {[%emt 0:00:14] [#]} a6 $146 (15... Qxd1 $1 $14 16. Rfxd1 (16. Raxd1 Rad8 $11) 16... Rad8) ({Predecessor:} 15... Qxd1 16. Raxd1 Rad8 17. Bd7 Ba6 18. Rf2 Bd3 19. e6 Kh8 20. Be5 fxe6 21. Bxe6 b5 {1-0 (45) Marichal Gonzalez,A (2317)-Descarrega Zacarias,V (1939) Porlamar 2018}) 16. Bd7 $16 Qc7 17. Qg4 Rad8 18. e6 {[%emt 0:03:43][%csl Gb2][%cal Rg4g7] White is more active.} f6 19. f5 Rxd7 20. exd7 Qxd7 21. Rad1 Qc7 22. Qe2 b5 23. Rd2 Bc6 24. Rc1 Rd8 (24... Rc8 $14) 25. Rxd8+ $18 Qxd8 {[%emt 0:00:07] [#]} 26. Rd1 {[%emt 0:00:51] Prevents Qd3.} ({White should try} 26. Ba3 $1 $18 ) 26... Qc8 $14 27. g4 g6 (27... b4 $14) 28. fxg6 hxg6 29. Rf1 Qe6 30. Qg2 a5 (30... Bd7 $16 31. g5 fxg5) 31. Qg3 $18 Bd7 32. g5 fxg5 (32... Bd6 $2 33. Qh4 Qg4+ 34. Qxg4 Bxg4 35. Rxf6 $18) 33. Qb8+ Bc8 34. Qxb5 {[%emt 0:00:46] White threatens Qe8+ and mate.} Bd6 $2 (34... Bf8 35. Rf6 (35. Qxa5 Ba6 $16) 35... Qg4+ 36. Kh1 Qd1+ 37. Qf1 Qxf1+ 38. Rxf1 Be7) 35. Qxa5 $2 (35. Rf6 $18 Qg4+ 36. Kh1) 35... Bxh2+ $1 $11 36. Kh1 {[%emt 0:01:11] Intending Qd8+ and mate. Really sharp!} Bf4 $2 37. Qd8+ $18 ({And not} 37. exf4 Qh3+ 38. Kg1 Qg3+ 39. Kh1 Qh3+ 40. Kg1 Qg3+ 41. Kh1 Qh3+ $11) 37... Kf7 {[%emt 0:00:10] [#] ( -> ...Qh3+)} 38. Qf6+ $2 ({Weaker is} 38. exf4 Qh3+ 39. Kg1 Qg3+ 40. Kh1 Qh3+ 41. Kg1 Qg3+ 42. Kh1 Qh3+ $11) (38. Qh8 $1 $18) 38... Qxf6 $11 {[%emt 0:00:06] The position is equal.} 39. Bxf6 Bh3 ({Don't take} 39... Kxf6 40. exf4 gxf4 41. Rxf4+ Ke5 42. Rf8 $16) 40. Re1 Bg3 {[%emt 0:01:09] A strong pair of Bishops.} 41. Rg1 Bf2 42. Bxg5 {[%emt 0:00:53] Black must now prevent Rc1.} Bxg1 43. Kxg1 c4 {[%emt 0:00:00] Weighted Error Value: White=0.43/Black=0.50} 1/2-1/2

[Event "Dutch Open 2022"]
[Site "Dieren"]
[Date "2022.08.04"]
[Round "9.15"]
[White "Roorda, Thijs"]
[Black "Shakhverdian, William"]
[Result "1-0"]
[ECO "D02"]
[WhiteElo "2113"]
[BlackElo "2040"]
[Annotator "TA"]
[PlyCount "49"]
[EventDate "2022.07.14"]
[EventType "swiss"]
[EventCountry "NED"]
[SourceTitle "playchess.com"]
[Source "ChessBase"]
[SourceQuality "1"]
[TimeControl "40/5400+30:1800+30"]

1. Nf3 d5 2. g3 c5 3. Bg2 Nf6 4. O-O Nc6 5. d4 cxd4 6. Nxd4 e5 7. Nxc6 bxc6 8. c4 Be6 9. Nc3 Rb8 10. cxd5 cxd5 11. Qa4+ Qd7 12. Qxd7+ {[%emt 0:00:06] D02: 1 d4 d5 2 Nf3 sidelines, including 2...Nf6 3 g3 and 2...Nf6 3 Bf4.} Kxd7 13. Rd1 $1 {[%emt 0:00:37][%cal Rc3d5] [#]} Bb4 $146 ({Predecessor:} 13... d4 14. e3 Bc5 15. Na4 Bb6 16. Nxb6+ Rxb6 17. exd4 e4 18. d5 Bg4 19. Rd4 Rc8 {½-½ (32) Nakamura,H (2785)-Anand,V (2786) Stavanger 2017}) 14. Nxd5 {[%emt 0:02:07] White is better.} Nxd5 15. Bxd5 Bxd5 16. Rxd5+ Ke6 17. e4 f5 18. Be3 Be7 {[%emt 0:02:37] This costs Black the game.} (18... a6 $16) 19. Rad1 (19. Bxa7 Rxb2 20. a4 fxe4 $14) 19... f4 (19... fxe4 $16 20. b3 (20. Bxa7 Rb7 $14) 20... a6) 20. gxf4 $18 exf4 21. Bxf4 Rxb2 (21... Rb7 $142 22. Re5+ Kf7 23. Rf5+ Kg6) 22. Re5+ (22. Be5 Rxa2 23. Bc3 (23. Bxg7 $2 Rg8 $19) 23... Ra6 $16) 22... Kf6 23. Rd7 Bb4 {[%emt 0:00:59] [#]} (23... g5 24. Bg3 (24. Rexe7 gxf4 25. Rxa7 f3 $18) 24... Re8 25. Rxa7 Rb6) 24. Rf5+ Ke6 25. Rxa7 {[%emt 0:00:17] Weighted Error Value: White=0.08 (flawless) /Black=0.69} 1-0